 Dungeon Crawl Stone Soup version 0.20.1-1-g8b1a95d (webtiles) character file.

12684 Irenicus the Black Belt (level 11, -1/83 HPs)
             Began as an Octopode Chaos Knight on Oct 7, 2017.
             Slain by a white ugly thing (17 damage)
             ... on level 11 of the Dungeon.
             The game lasted 00:43:44 (10503 turns).

Irenicus the Black Belt (Octopode Chaos Knight)    Turns: 10503, Time: 00:43:45

Health: -1/83      AC:  8    Str: 13    XL:     11   Next: 97%
Magic:  8/9        EV: 14    Int: 15    God:    Xom [..*...]
Gold:   715        SH:  0    Dex: 15    Spells: 9/10 levels left

rFire    . . .     SeeInvis +     - Unarmed
rCold    + . .     Gourm    +   (no shield)
rNeg     . . .     Faith    .   D - +2 hat {MR+}
rPois    +         Spirit   .   d - amulet of the gourmand
rElec    .         Reflect  .   E - ring of stealth
rCorr    .         Harm     .   s - ring of poison resistance
MR       +....                  (no ring)
Stlth    +++++.....             (no ring)
Regen    0.3/turn               (no ring)
MPRegen  0.2/turn               (no ring)
                                (no ring)
                                (no ring)

@: about to teleport, very slightly contaminated
A: almost no armour, stealthy swim, amphibious, 8 rings, constrict 8, antennae
1, icy blue scales 1, rugged brown scales 1, thin metallic scales 1, camouflage
1, see invisible, cold resistance 1, low mp 1, mutation resistance 1, strong 1,
gelatinous body 1
a: Renounce Religion


You were on level 11 of the Dungeon.
You worshipped Xom.
You were a toy of Xom.
You were completely stuffed.

You visited 1 branch of the dungeon, and saw 12 of its levels.

You collected 715 gold pieces.

Inventory:

Armour
 D - a +2 hat of magic resistance (worn)
Jewellery
 d - an amulet of the gourmand (around mantle)
 s - a ring of poison resistance (right tentacle)
 E - a ring of stealth (left tentacle)
Wands
 z - a wand of iceblast (5/15)
 G - a wand of flame (30/48)
Scrolls
 b - a scroll of vulnerability
 c - 6 scrolls of enchant armour
 e - a scroll of fog {unknown}
 f - 6 scrolls of amnesia {unknown}
 g - 6 scrolls of teleportation
 i - 5 scrolls of remove curse {unknown}
 n - 8 scrolls of identify
 q - a scroll of random uselessness {unknown}
 r - 4 scrolls of recharging {unknown}
 v - 2 scrolls of fear {unknown}
 x - 2 scrolls of immolation {unknown}
 y - a scroll of noise {unknown}
 H - a scroll of torment {unknown}
 K - a scroll of blinking {unknown}
Potions
 j - a potion of heal wounds
 l - 2 potions of might
 t - a potion of invisibility
 u - a potion of flight
 w - 5 potions of curing
 A - a potion of cancellation
 B - a potion of berserk rage
 F - a potion of magic
 I - a potion of ambrosia {unknown}
Books
 h - a book of Cantrips

   Spells                             Type                      Level
   a - Confusing Touch                Hexes                        1
   b - Animate Skeleton               Necromancy                   1
   c - Summon Small Mammal            Summoning                    1
   d - Apportation                    Translocation                1
 m - a book of Conjurations

   Spells                             Type                      Level
   a - Magic Dart                     Conjuration                  1
   b - Searing Ray                    Conjuration                  2
   c - Dazzling Spray                 Conjuration/Hexes            3
   d - Fulminant Prism                Conjuration/Hexes            4
   e - Force Lance                    Conjuration/Translocation    4
   f - Iskenderun's Mystic Blast      Conjuration                  4
 C - a book of Maledictions

   Spells                             Type                      Level
   a - Corona                         Hexes                        1
   b - Ensorcelled Hibernation        Hexes/Ice                    2
   c - Confuse                        Hexes                        3
   d - Tukima's Dance                 Hexes                        3
   e - Dazzling Spray                 Conjuration/Hexes            3
 J - a book of Transfigurations

   Spells                             Type                      Level
   a - Irradiate                      Conjuration/Transmutation    5
   b - Statue Form                    Transmutation/Earth          6
   c - Hydra Form                     Transmutation                6
   d - Dragon Form                    Transmutation                7
Comestibles
 a - 12 bread rations
 k - 12 meat rations
 o - 4 royal jellies
 p - 13 fruits
 L - 2 chunks of flesh


   Skills:
 - Level 10.1 Fighting
 - Level 2.3 Dodging
 + Level 4.1 Stealth
 + Level 15.7 Unarmed Combat
 - Level 4.0 Hexes


You had 9 spell levels left.
You knew the following spells:

 Your Spells              Type           Power        Failure   Level  Hunger
a - Confusing Touch       Hex            ##....       5%          1    ##.....


Dungeon Overview and Level Annotations

Branches:
Dungeon (12/15)            Temple (0/1) D:7            Lair (0/6) D:10
    Orc (0/2) D:9

Altars:
Cheibriados
Elyvilon
Gozag
Makhleb
Nemelex Xobeh
Ru
Sif Muna
Xom
Yredelemnul
The Shining One
Beogh

Shops:
D:10 !   D:11 *

Portals:
Trove: D:10 (give 3 potions of resistance)


Innate Abilities, Weirdness & Mutations

You cannot wear most types of armour.
You are very stealthy in the water. (Stealth+)
You are amphibious.
You can wear up to eight rings at the same time.
You can use your tentacles to constrict eight enemies at once.
Your skin changes colour to match your surroundings (Stealth+).
Your rubbery body absorbs attacks. (AC +1, EV +1)
You have a pair of small antennae on your head.
You are partially covered in icy blue scales. (AC +2)
You are partially covered in rugged brown scales. (AC +1, +3% HP)
You are partially covered in thin metallic scales. (AC +2)
You have supernaturally acute eyesight. (SInv)
Your flesh is cold resistant. (rC+)
Your magical capacity is low. (-10% MP)
You are somewhat resistant to further mutation.
Your muscles are strong. (Str +2)


Message History

* * * LOW HITPOINT WARNING * * *
The manticore claws you but does no damage.
Okay, then.
You tentacle-slap the manticore but do no damage.
The manticore appears confused.
Your squeeze misses the manticore.
The manticore is severely wounded.
The manticore bites the white ugly thing!!
The manticore claws the white ugly thing.
The manticore claws the white ugly thing!
Okay, then.
You feel better.
The white ugly thing kicks you but does no damage.
The manticore bites the white ugly thing!
The manticore claws the white ugly thing!
The manticore claws the white ugly thing but does no damage.
As you read the scroll of teleportation, it crumbles to dust.
You feel strangely unstable. The white ugly thing kicks you!
* * * LOW HITPOINT WARNING * * *
The white ugly thing freezes you! You resist.
You die...

.. #.##...##.. #.
#.###......
#####'#######.# ##....#
####### #......†Hu...h#
##....# #.....#
#..##..##.)######.....(
#.###.# ..##..##..#
#...##.. #.# #.#
#$.##.H### #...###.
###.# #.# #..##u.###
#..###.. ....# #)#
.C##.@##..# ##...##..
#######.# #..
#..##..####.#......
.)......# .##..##..#
##..###....# #########
#.. #..####..###....#
...<..#
..##..##..####.#......
)...#.# #.. #..
#..#####...##.. ....#.#
..#
..##..##..#.....###.
)...#.# ..
#..##..##..#....###..
....'.#
............###(..##..


You could see a white ugly thing and a manticore (confused).

Vanquished Creatures
  The ghost of geeseburger the Severer, a journeyman HOFi of Okawaru (D:10)
  2 two-headed ogres
  The ghost of happinesssam the Cleaver, a novice DDFi of Makhleb (D:8)
  An ugly thing (D:11)
  A cyclops (D:11)
  A centaur zombie (D:11)
  A kobold demonologist (D:11)
  A yaktaur (D:11)
  A troll (D:11)
  A meliai (D:12)
  Prince Ribbit (D:7)
  A hippogriff (D:11)
  2 wyverns
  3 yaks
  The ghost of NorthaanB the Vexing, an amateur FeEn (D:5)
  2 basilisks
  Menkaure (D:7)
  3 wargs (D:10)
  Edmund (D:6)
  A water moccasin (D:11)
  4 orc warriors
  A swamp drake (D:9)
  A sky beast (D:10)
  An eye of draining (D:9)
  2 black bears (D:6)
  An ice beast (D:6)
  A hornet zombie (D:9)
  A necrophage (D:9)
  2 phantoms
  6 ogres
  4 centaurs
  6 bullfrogs
  3 big kobolds
  A wyvern skeleton (D:8)
  4 scorpions
  11 killer bees
  9 wights (D:11)
  A howler monkey (D:6)
  6 crimson imps
  A jelly (D:5)
  10 hounds
  9 orc wizards
  A centaur skeleton (D:8)
  5 orc priests
  2 bullfrog skeletons
  Natasha (D:2)
  4 iguanas
  7 worker ants
  A killer bee zombie (D:9)
  3 hound skeletons
  A worker ant zombie (D:7)
  4 gnolls (D:6)
  8 adders
  A howler monkey skeleton (D:6)
  2 shadow imps
  2 oozes (D:1)
  An adder zombie (D:5)
  An adder skeleton (D:8)
  A worm (D:4)
  5 leopard geckos
  48 orcs
  A ball python (D:1)
  5 bats
  8 giant cockroaches
  6 goblins
  3 hobgoblins
  12 jackals
  A quokka (D:8)
  5 frilled lizards
  26 kobolds
  A leopard gecko skeleton (D:4)
  10 rats
288 creatures vanquished.

Vanquished Creatures (collateral kills)
  A yak (D:10)
  An orc warrior (D:8)
  A big kobold (D:8)
  A bullfrog (D:11)
  A killer bee (D:11)
  An orc wizard (D:6)
  An orc priest (D:8)
  A worker ant (D:5)
  A leopard gecko (D:5)
  An orc (D:6)
  A quokka (D:5)
  A kobold (D:8)
12 creatures vanquished.

Vanquished Creatures (others)
  Blork the orc (D:4)
1 creature vanquished.

Grand Total: 301 creatures vanquished

Notes
Turn   | Place    | Note
-------+----------+-------------------------------------------
     0 | D:1      | Irenicus the Octopode Chaos Knight began the quest for the Orb.
     0 | D:1      | Reached XP level 1. HP: 16/16 MP: 1/1
   148 | D:1      | Reached XP level 2. HP: 18/21 MP: 2/2
   399 | D:1      | XOM: silly message
   464 | D:1      | XOM: divination: detect creatures
   515 | D:1      | Reached XP level 3. HP: 24/26 MP: 3/3
   621 | D:2      | Found a deep blue altar of Sif Muna.
   623 | D:2      | Found a faded altar of an unknown god.
   749 | D:2      | Found a white marble altar of Elyvilon.
   821 | D:2      | XOM: harmless Pois miscast
   877 | D:2      | XOM: harmless Hex miscast
   979 | D:2      | XOM: god gift: scroll labeled HOROESETUY {god gift}
  1048 | D:2      | Noticed Natasha
  1057 | D:2      | Killed Natasha
  1057 | D:2      | Reached skill level 4 in Unarmed Combat
  1057 | D:2      | Reached XP level 4. HP: 11/33 MP: 4/4
  1070 | D:2      | XOM: cloud trail
  1216 | D:2      | XOM: give mutations
  1216 | D:2      | Gained mutation: Your flesh is cold resistant. (rC+) [Xom's grace]
  1216 | D:2      | Gained mutation: You are partially covered in rugged brown scales. (AC +1, +3% HP) [Xom's grace]
  1570 | D:3      | XOM: give mutations
  1570 | D:3      | Gained mutation: You are partially covered in icy blue scales. (AC +2) [Xom's grace]
  1570 | D:3      | Gained mutation: Your spells are a little harder to cast, but a little more powerful. [Xom's grace]
  1570 | D:3      | Gained mutation: You are partially covered in thin metallic scales. (AC +2) [Xom's grace]
  1570 | D:3      | Gained mutation: You have a pair of small antennae on your head. [Xom's grace]
  1645 | D:3      | Found a sacrificial altar of Ru.
  1650 | D:3      | Reached XP level 5. HP: 36/38 MP: 5/5
  1810 | D:4      | XOM: scenery: create altars
  1890 | D:4      | Noticed Blork the orc
  1898 | D:4      | Reached skill level 5 in Unarmed Combat
  1994 | D:4      | Killed Blork the orc
  1994 | D:4      | Reached XP level 6. HP: 36/45 MP: 6/6
  1994 | D:4      | XOM: divine lightning
  2181 | D:5      | Entered Level 5 of the Dungeon
  2246 | D:5      | Found an opulent altar of Gozag.
  2246 | D:5      | Noticed NorthaanB's ghost (amateur FeEn)
  2259 | D:5      | Lost mutation: Your spells are a little harder to cast, but a little more powerful. [potion of mutation]
  2259 | D:5      | Gained mutation: Your magical capacity is low. (-10% MP) [potion of mutation]
  2259 | D:5      | Gained mutation: You evolve. [potion of mutation]
  2261 | D:5      | XOM: potion effect (experience)
  2261 | D:5      | Reached skill level 10 in Fighting
  2261 | D:5      | Reached skill level 10 in Unarmed Combat
  2261 | D:5      | Reached XP level 7. HP: 48/60 MP: 6/6
  2265 | D:5      | XOM: potion effect (might)
  2270 | D:5      | Killed NorthaanB's ghost
  2401 | D:5      | XOM: god gift: 2 scrolls labeled LUARPH KEMEOBBI {god gift}
  2511 | D:5      | Found a glowing golden altar of the Shining One.
  2589 | D:5      | XOM: summons 7 friendly demons
  2773 | D:5      | Reached XP level 8. HP: 65/65 MP: 7/7
  2806 | D:6      | Reached skill level 11 in Unarmed Combat
  3057 | D:6      | Noticed Edmund
  3061 | D:6      | XOM: god gift: silvery potion {god gift}
  3068 | D:6      | XOM: fake destruction
  3071 | D:6      | Killed Edmund
  3073 | D:6      | Reached XP level 9. HP: 46/72 MP: 8/8
  3087 | D:6      | Found a snail-covered altar of Cheibriados.
  3090 | D:6      | Found a basalt altar of Yredelemnul.
  3093 | D:6      | Found a sacrificial altar of Ru.
  3207 | D:6      | XOM: summons 2 hostile demons
  3263 | D:6      | Found a sparkling altar of Nemelex Xobeh.
  3545 | D:7      | Noticed Menkaure
  3551 | D:7      | Killed Menkaure
  3569 | D:7      | Found a burning altar of Makhleb.
  3572 | D:7      | XOM: harmless Summ miscast
  3647 | D:7      | Reached skill level 12 in Unarmed Combat
  3650 | D:7      | Noticed Prince Ribbit
  3656 | D:7      | Killed Prince Ribbit
  3668 | D:7      | XOM: scenery: 1 doors open
  3718 | D:7      | Found a staircase to the Ecumenical Temple.
  3818 | D:7      | XOM: divination: magic mapping
  3840 | D:7      | XOM: divination: detect items
  3907 | D:7      | Learned a level 1 spell: Confusing Touch
  3967 | D:8      | XOM: cloud trail
  4071 | D:8      | XOM: summons 3 friendly demons
  4155 | D:8      | Noticed happinesssam's ghost (novice DDFi)
  4172 | D:8      | XOM: confuse monster(s)
  4177 | D:8      | XOM: cast spell 'Chain of Chaos'
  4201 | D:8      | Killed happinesssam's ghost
  4250 | D:8      | XOM: god gift: embroidered hat {god gift}
  4268 | D:8      | Reached XP level 10. HP: 38/78 MP: 9/9
  4272 | D:8      | XOM: scenery: 1 doors open, 1 doors close
  4286 | D:8      | XOM: god gift: bread ration
  4386 | D:8      | Reached skill level 13 in Unarmed Combat
  4387 | D:8      | XOM: enchant monster (good)
  4471 | D:8      | XOM: god gift: runed short sword {god gift}
  4694 | D:8      | XOM: potion effect (magic)
  4868 | D:8      | XOM: potion effect (haste)
  4925 | D:8      | Lost mutation: You evolve. [end of evolution]
  4994 | D:9      | Reached skill level 1 in Hexes
  5171 | D:9      | XOM: harmless Fire miscast
  5315 | D:9      | XOM: potion effect (haste)
  5370 | D:9      | Found a staircase to the Orcish Mines.
  5542 | D:9      | XOM: harmless Erth miscast
  5854 | D:9      | Noticed a two-headed ogre
  5858 | D:9      | XOM: confuse monster(s)
  5890 | D:9      | XOM: potion effect (agility)
  5897 | D:9      | XOM: confuse monster(s)
  5900 | D:9      | XOM: confuse monster(s)
  5915 | D:9      | Killed a two-headed ogre
  6181 | D:9      | XOM: divination: detect items
  6243 | D:9      | XOM: harmless Summ miscast
  6395 | D:10     | Entered Level 10 of the Dungeon
  6427 | D:10     | Found Ischeside's Distillery.
  6562 | D:10     | XOM: enchant monster (bad)
  6564 | D:10     | Reached skill level 14 in Unarmed Combat
  6573 | D:10     | Reached XP level 11. HP: 28/83 MP: 8/9
  6610 | D:10     | Found a staircase to the Lair.
  6874 | D:10     | XOM: 1-stop teleportation journey
  6877 | D:10     | XOM: harmless Summ miscast
  6905 | D:10     | Noticed geeseburger's ghost (journeyman HOFi)
  6911 | D:10     | XOM: mild Necr miscast
  6965 | D:10     | XOM: summons 11 friendly demons
  6984 | D:10     | HP: 3/83 [geeseburger's ghost (2)]
  7012 | D:10     | Killed geeseburger's ghost
  7332 | D:10     | XOM: scenery: 2 doors open
  7336 | D:10     | XOM: potion effect (agility)
  7337 | D:10     | XOM: divination: magic mapping
  7386 | D:10     | XOM: summons friendly iron imp
  7540 | D:10     | XOM: scenery: create altars
  7576 | D:10     | Found a roughly hewn altar of Beogh.
  7695 | D:10     | Found a portal to a secret trove of treasure.
  7826 | D:10     | XOM: harmless Fire miscast
  7856 | D:10     | XOM: harmless Chrm miscast
  8194 | D:11     | XOM: confusion (+ monsters)
  8199 | D:11     | XOM: noise
  8200 | D:11     | XOM: harmless Conj miscast
  8202 | D:11     | XOM: cast spell 'Disjunction'
  8217 | D:11     | XOM: summons 2 friendly demons
  8240 | D:11     | XOM: fake destruction
  8253 | D:11     | XOM: summons friendly shadow imp
  8261 | D:11     | XOM: 1-stop teleportation journey
  8376 | D:11     | XOM: mild Tmut miscast
  8597 | D:11     | XOM: divination: detect creatures
  8651 | D:11     | XOM: mild Tmut miscast
  8658 | D:11     | Noticed a cyclops
  8661 | D:11     | Noticed a green ugly thing
  8709 | D:11     | XOM: summons 4 hostile shadow creatures
  8916 | D:11     | Reached skill level 15 in Unarmed Combat
  8943 | D:11     | XOM: give mutation
  8943 | D:11     | Gained mutation: You have supernaturally acute eyesight. (SInv) [Xom's grace]
  8983 | D:11     | XOM: summons 5 hostile demons
  9098 | D:11     | XOM: draining
  9169 | D:11     | Found Osenoh's General Store.
  9181 | D:11     | XOM: enchant monster (bad)
  9292 | D:11     | XOM: mild Tloc miscast
  9313 | D:11     | XOM: harmless Erth miscast
  9390 | D:11     | XOM: mild Air miscast
  9492 | D:12     | XOM: swap monsters
  9513 | D:12     | Noticed a purple ugly thing
  9559 | D:12     | Noticed a two-headed ogre
  9562 | D:12     | Noticed a death drake
  9562 | D:12     | Noticed a frost giant
  9562 | D:12     | Noticed a phantasmal warrior
  9562 | D:12     | Noticed a sea snake
  9562 | D:12     | Noticed a cyclops
  9562 | D:12     | a death drake changed into a cyclops
  9562 | D:12     | Noticed an orc knight
  9568 | D:12     | Noticed an orc knight
  9572 | D:12     | Noticed a six-headed hydra
  9896 | D:11     | Noticed a white ugly thing
  9920 | D:11     | XOM: summons friendly white imp
  9922 | D:11     | Reached skill level 1 in Stealth
 10142 | D:11     | Noticed a two-headed ogre
 10151 | D:11     | XOM: butterfly on damage
 10153 | D:11     | Killed a two-headed ogre
 10421 | D:11     | XOM: mild Conj miscast
 10422 | D:11     | XOM: enchant monster (good)
 10432 | D:11     | XOM: noise
 10436 | D:11     | XOM: potion effect (invisibility)
 10439 | D:11     | Killed a green ugly thing
 10442 | D:11     | Gained mutation: You are somewhat resistant to further mutation. [mutagenic meat]
 10443 | D:11     | Gained mutation: Your muscles are strong. (Str +2) [mutagenic meat]
 10461 | D:11     | Killed a cyclops
 10486 | D:11     | Noticed a manticore
 10503 | D:11     | Slain by a white ugly thing

Skill      XL: |  1  2  3  4  5  6  7  8  9 10 11 |
---------------+----------------------------------+-----
Fighting       | 4 10 | 10.1
Unarmed Combat | 4 5 10 11 12 14 15 | 15.7
Hexes          | 3 4 |  4.0
Stealth        | 4 |  4.1
Dodging        | |  2.3

Action                   |  1- 3 |  4- 6 |  7- 9 | 10-12 || total
-------------------------+-------+-------+-------+-------++-------
Melee: Unarmed           |    46 |    88 |   194 |   621 ||   949
       Constrict         |    12 |    20 |    36 |   110 ||   178
       Tentacles         |     6 |    25 |    29 |   134 ||   194
       Punch             |     1 |     3 |    27 |    73 ||   104
 Cast: Confusing Touch   |       |       |     5 |   107 ||   112
  Use: Scroll            |       |     1 |       |     8 ||     9
       Potion            |       |     2 |     2 |    11 ||    15
 Stab: Sleeping          |     2 |     4 |     7 |     8 ||    21
       Paralysed         |       |     2 |     1 |     3 ||     6
       Confused          |       |       |     4 |    50 ||    54
       Petrified         |       |       |       |     2 ||     2
       Invisible         |       |       |       |     6 ||     6
  Eat: Chunk             |     3 |    11 |     6 |    28 ||    48
Armor: Skin              |     1 |     9 |    26 |    85 ||   121
Dodge: Dodged            |    30 |    50 |    89 |   243 ||   412
